 Dungeon Crawl Stone Soup version 0.32-a0-22-g6ae6769602 (webtiles) character file.

Game seed: 12073050120917472038

1 innerfire43 the Charlatan (level 1, 0/13 HPs)
             Began as a Demonspawn Wanderer on Jan 18, 2024.
             Slain by a goblin
             ... wielding a +0 dagger
              (1 damage)
             ... on level 1 of the Dungeon.
             The game lasted 00:00:23 (21 turns).

innerfire43 the Charlatan (Demonspawn Wanderer)       Turns: 21, Time: 00:00:24

Health: 0/13       AC:  3    Str: 11    XL:     1   Next: 16%
Magic:  2/2        EV: 12    Int: 11    God:
Gold:   0          SH:  0    Dex: 14    Spells: 2/2 levels left

rFire   . . .        a - +0 dagger
rCold   . . .        (no shield)
rNeg    . . .        d - +0 robe
rPois   .            (no helmet)
rElec   .            (no cloak)
rCorr   .            (no gloves)
SInv    .            b - +0 pair of boots
Will    .....        (no amulet)
Stlth   +            (no ring)
HPRegen 0.22/turn    (no ring)
MPRegen 0.08/turn

%: random rage (3%)
@: no status effects
A: berserk 1
a: no special abilities


You were on level 1 of the Dungeon.
You visited 1 branch of the dungeon, and saw 1 of its levels.

Inventory:

Hand Weapons
 a - a +0 dagger (weapon)
Armour
 b - a +0 pair of boots (worn)
 d - a +0 robe (worn)
Wands
 e - a wand of flame (9) (quivered)


   Skills:
 + Level 1.8 Dodging
 + Level 1.0 Spellcasting
 + Level 1.8 Air Magic
 + Level 5.0 Evocations


You had 2 spell levels left.
You didn't know any spells.
Your spell library contained the following spells:

 Spells                   Type           Power      Damage    Failure   Level
 Mercury Vapours          Alch/Air       4%         N/A       34%         2
 Cigotuvi's Dreadful Rot  Necr/Alch/Air  2%         N/A       36%         2


Dungeon Overview and Level Annotations

Branches:
Dungeon (1/15)

Altars:


Innate Abilities, Weirdness & Mutations

You sometimes lose your temper in combat.


Message History

You begin with the following items: a +0 dagger, a +0 pair of boots, a potion of mutation, a +0 robe, a wand of flame (9); and the following spells available to memorise: Mercury Vapours, Cigotuvi's Dreadful Rot.
Okay, then.
You don't know any spells.
You feel extremely strange.
You feel a little pissed off.
You enter the shallow water.
Moving in this stuff is going to be slow.
You open the door.
There is an open door here.
An endoplasm and a goblin come into view.
The endoplasm quivers.
There are monsters nearby!
A goblin comes into view. It is wielding a +0 dagger.
Found a scroll labelled REKKAFR JAEQIS.
The endoplasm freezes you.
You are frozen.
You hit the endoplasm but do no damage.
The goblin shouts!
You hear a shout!
A hobgoblin comes into view.
The endoplasm barely misses you.
You hit the endoplasm.
The endoplasm is severely wounded.
The endoplasm freezes you.
You are frozen.
You hit the endoplasm but do no damage.
The endoplasm is severely wounded.
The endoplasm freezes you.
You are frozen.
You are too injured to fight recklessly!
You are too injured to fight recklessly!
You hit the endoplasm.
The endoplasm is almost dead.
The endoplasm freezes you.
You are frozen.
* * * LOW HITPOINT WARNING * * *
You hit the endoplasm.
You kill the endoplasm!
The goblin attacks as it pursues you! The goblin barely misses you.
The goblin hits you with a +0 dagger.
You die...

.. ... #.# . ... ..
#.# ..#
###########.# .?#
#P~~~P~~'.#.# ..#..
#.~≈≈≈~.#..g#......
#.PP.~.~###@gg....#
#≈.....~# #..######
#.#.~≈.~# #..#
#.#≈.≈P.# ##.#
#<#.≈~P~+ .#
######### .# .# ..


You could see a hobgoblin and 2 goblins.

Vanquished Creatures
  An endoplasm (D:1)
1 creature vanquished.

Notes
Turn   | Place    | Note
-------+----------+-------------------------------------------
     0 | D:1      | innerfire43 the Demonspawn Wanderer began the quest for the
                  | Orb.
     0 | D:1      | innerfire43 set off with the following items: a +0 dagger,
                  | a +0 pair of boots, a potion of mutation, a +0 robe, a wand
                  | of flame (9); and the following spells available to
                  | memorise: Mercury Vapours, Cigotuvi's Dreadful Rot.
     0 | D:1      | Reached XP level 1. HP: 13/13 MP: 2/2
     0 | D:1      | Gained mutation: You sometimes lose your temper in combat.
                  | [potion of mutation]
    21 | D:1      | Slain by a goblin

Illustrated notes

Levels and vault maps discovered:
D:1:      lightli_arrival_flooded_house, layout_rooms,
          minmay_misc_feat_diagonals

Action                     || total
---------------------------++-------
  Melee: Dagger            ||     5
    Use: Potion            ||     1
 Armour: Robe              ||     1
  Dodge: Dodged            ||     2

Table legend: (Time is in decaauts)
 A = Elapsed time spent in this place.
 B = Non-inter-level travel time spent in this place.
 C = Inter-level travel time spent in this place.
 D = Time resting spent in this place.
 E = Time spent auto-exploring this place.
 F = Levels seen in this place.
 G = Mean time per level.
                   A        B        C        D        E       F      G
               +--------+--------+--------+--------+--------+-----+--------+
         Total |     21 |     21 |      0 |      0 |     12 |   1 |   21.0 |
       Dungeon |     21 |     21 |      0 |      0 |     12 |   1 |   21.0 |
               +--------+--------+--------+--------+--------+-----+--------+

Top non-repeatable levels by time:
     D:1: 21 daAuts
